Description

ZvT Roach Ravager all in

12 pool version

Build Order

Get SALT Encoding   

  12  0:17  Spawning Pool  
  11  0:22  Drone  
  12  0:26  Drone  
  13  0:30  Drone  
  14  0:34  Extractor  
  13  0:36  Drone  
  14  0:45  Extractor  
  13  0:50  Drone  
  14  1:04  Roach Warren  
  13  1:05  Overlord, Zergling  these 2 lings are to delay your oponnents natural (try to dodge the reaper), ralley this to the oponnents ramp in case your first overlord falls
  14  1:45  Roach x3  
  20  1:58  Overlord  
  20  2:07  Ravager x2  morph as you go
  22  2:17  Ravager  
  23  2:18  Roach x2  
  27  2:32  Overlord  
  27  2:47  Roach, Ravager  you get the idea, keep making roaches and morphing into ravagers from here on its just micro
Spawning Tool Build Advisor. Get it on Overwolf

Analysis

the 2 lings are to delay your oponnents natural, try to dodge the reaper

the first overlord should immidietly be sent to your oponnents ramp the second overlord aswell incase your first one dies

Your roaches should be morphed immidietly because Ravagers move faster

have 2 on each gas in the start and then 3 on each when you start making roaches

Go to:

Details

  • Created by: Lukebomber     
  • Published on: Apr 22, 2018
  • Modified on: Aug 25, 2018
  • Patch: 4.0.0
Show
View Real Time Build Order
Export as new Build Order

Comments (3)

On Jan. 16, 2020, 3:01 a.m., zephyredx  said:

How do you react if the Terran player built planetary fortresses? Do you whittle down the fortress with ravagers, or do you try to take down other buildings, or do you transition into economy?

On Aug. 25, 2018, 12:57 p.m., Lukebomber  said:

This is the most all in build a Zerg can do, you mine so much gas you cant even afford a queen or a hatchery without being way late.
an all in that does include a hatchery thats also very good is this https://lotv.spawningtool.com/build/62819/ (works ZvP and ZvT)
You dont need additional Larve anyway because all your units cost 100/100 (75/25 for roach)(25/75 for morphing)

On Aug. 15, 2018, 3:13 a.m., Tristan107  said:

No second hatch before push for larvae ?

Create an account to comment!